TOP OF THE 1ST |
Long Island Seawolves batting - Pitching for Bethesda Atoms : LHP Manuel Ceja
|
Pitching: LHP Manuel Ceja
|
|
Batting: SHB Cheong-hun Kang
|
0-0: Ball 1-0: Bunted foul 1-1: Ball 2-1: Ball 3-1: DOUBLE (Line Drive, 78M)
|
Batting: RHB Taua Naituyaga
|
0-0: Foul Ball, location: 2F 0-1: Ball 1-1: Fly out, F4 (Line Drive, 4)
|
Batting: RHB John Shultz
|
0-0: Ball Cheong-hun Kang steals 3rd base 1-0: SINGLE (Flyball, 8LS) Cheong-hun Kang scores
|
Batting: RHB John Mayasich
|
0-0: Ball Wild Pitch! John Shultz to second 1-0: Called Strike 1-1: Ball 2-1: Called Strike 2-2: SINGLE (Flyball, 89S) John Shultz to third Runner from 3rd tries for Home, SAFE, no throw
|
Batting: SHB Alexei Ponikarov
|
0-0: Ball John Mayasich is caught stealing 2nd base 1-0: Called Strike 1-1: Ground out 5-3 (Groundball, 56S)
|
Top of the 1st over - 2 runs, 3 hits, 0 errors, 0 left on base; Long Island 2 - Bethesda 0 |
BOTTOM OF THE 1ST |
Bethesda Atoms batting - Pitching for Long Island Seawolves : RHP Lloyd Natoff
|
Pitching: RHP Lloyd Natoff
|
|
Batting: RHB Enrique Ibarra
|
0-0: Foul Ball, location: 2F 0-1: Fly out, F7 (Line Drive, 7D)
|
Batting: RHB Renato Zuvic
|
0-0: Foul Ball, location: 2F 0-1: Ball 1-1: Foul Ball, location: 2F 1-2: Foul Ball, location: 2F 1-2: Reached on error, E9 (Flyball, 9)
|
Batting: LHB Vinski Prifti
|
0-0: SINGLE (Flyball, 7LS) Renato Zuvic to second
|
Batting: LHB Gong Mao
|
0-0: Swinging Strike 0-1: Foul Ball, location: 2F 0-2: Ball 1-2: Ball 2-2: Fly out, F4 (Popup, 4)
|
Batting: LHB Sandor Addicks
|
0-0: Ball 1-0: Swinging Strike 1-1: Called Strike 1-2: Ball 2-2: Foul Ball, location: 2F 2-2: Foul Ball, location: 2F 2-2: Fly out, F9 (Flyball, 89D)
|
Bottom of the 1st over - 0 runs, 1 hit, 1 error, 2 left on base; Long Island 2 - Bethesda 0 |
TOP OF THE 2ND |
Long Island Seawolves batting - Pitching for Bethesda Atoms : LHP Manuel Ceja
|
Batting: RHB Louis Teague
|
0-0: Ball 1-0: Ball 2-0: Fly out, F8 (Line Drive, 8LS)
|
Batting: RHB Shigeaki Samurakami
|
0-0: Foul Ball, location: 2F 0-1: Ball 1-1: Foul Ball, location: 2F 1-2: Strikes out looking
|
Batting: RHB Wes O'Mulhill
|
0-0: Swinging Strike 0-1: SINGLE (Line Drive, 8LM)
|
Batting: LHB Brad Mosley
|
0-0: Called Strike 0-1: Called Strike 0-2: Ball 1-2: SINGLE (Groundball, 6MD) Wes O'Mulhill to second
|
Batting: SHB Cheong-hun Kang
|
0-0: Ball 1-0: Swinging Strike 1-1: Called Strike 1-2: Foul Ball, location: 2F 1-2: Ball 2-2: Ball 3-2: Base on Balls Wes O'Mulhill to third Brad Mosley to second
|
Batting: RHB Taua Naituyaga
|
0-0: Ball 1-0: Called Strike 1-1: Foul Ball, location: 2F 1-2: Foul Ball, location: 2F 1-2: Fly out, F9 (Flyball, 9)
|
Top of the 2nd over - 0 runs, 2 hits, 0 errors, 3 left on base; Long Island 2 - Bethesda 0 |
BOTTOM OF THE 2ND |
Bethesda Atoms batting - Pitching for Long Island Seawolves : RHP Lloyd Natoff
|
Batting: RHB Bartolo Rosas
|
0-0: Called Strike 0-1: Called Strike 0-2: Ball 1-2: Ball 2-2: Ball 3-2: Strikes out looking
|
Batting: SHB Pedro Ortega
|
0-0: Called Strike 0-1: Ground out U3 (Groundball, 34)
|
Batting: RHB José Leyva
|
0-0: Fly out, F8 (Flyball, 8LD)
|
Bottom of the 2nd over - 0 runs, 0 hits, 0 errors, 0 left on base; Long Island 2 - Bethesda 0 |
TOP OF THE 3RD |
Long Island Seawolves batting - Pitching for Bethesda Atoms : LHP Manuel Ceja
|
Batting: RHB John Shultz
|
0-0: Ball 1-0: Ball 2-0: Fly out, F5 (Popup, 5F)
|
Batting: RHB John Mayasich
|
0-0: Ball 1-0: SINGLE (Line Drive, 7LS)
|
Batting: SHB Alexei Ponikarov
|
0-0: Ball 1-0: DOUBLE (Line Drive, 9LM) John Mayasich to third
|
Batting: RHB Louis Teague
|
0-0: Ball 1-0: Foul Ball, location: 2F 1-1: SINGLE (Groundball, 56D) John Mayasich scores Alexei Ponikarov to third Runner from 3rd tries for Home, SAFE, throw made home Louis Teague to second
|
Batting: RHB Shigeaki Samurakami
|
0-0: Called Strike 0-1: Ball 1-1: SINGLE (Line Drive, 8RS) Louis Teague to third Runner from 3rd tries for Home, SAFE, no throw
|
Batting: RHB Wes O'Mulhill
|
0-0: Called Strike 0-1: Swinging Strike 0-2: Strikes out swinging
|
Batting: LHB Brad Mosley
|
0-0: Ball 1-0: Swinging Strike 1-1: Foul Ball, location: 2F 1-2: Ball 2-2: Ball 3-2: Foul Ball, location: 2F 3-2: Fly out, F7 (Flyball, 7)
|
Top of the 3rd over - 3 runs, 4 hits, 0 errors, 1 left on base; Long Island 5 - Bethesda 0 |
BOTTOM OF THE 3RD |
Bethesda Atoms batting - Pitching for Long Island Seawolves : RHP Lloyd Natoff
|
Batting: RHB Diego Romero
|
0-0: Ball 1-0: Foul Ball, location: 2F 1-1: Called Strike 1-2: Strikes out swinging
|
Batting: RHB Enrique Ibarra
|
0-0: Ball 1-0: Ball 2-0: Ball 3-0: Called Strike 3-1: Foul Ball, location: 2F 3-2: Ground out 5-3 (Groundball, 56)
|
Batting: RHB Renato Zuvic
|
0-0: Ball 1-0: Ball 2-0: Ball 3-0: Called Strike 3-1: Fly out, F5 (Line Drive, 5)
|
Bottom of the 3rd over - 0 runs, 0 hits, 0 errors, 0 left on base; Long Island 5 - Bethesda 0 |
TOP OF THE 4TH |
Long Island Seawolves batting - Pitching for Bethesda Atoms : LHP Manuel Ceja
|
Batting: SHB Cheong-hun Kang
|
0-0: Ball 1-0: Ball 2-0: DOUBLE (Flyball, 8LD)
|
Batting: RHB Taua Naituyaga
|
0-0: Ball 1-0: Foul Ball, location: 2F 1-1: Ball 2-1: Foul Ball, location: 2F 2-2: Foul Ball, location: 2F 2-2: Strikes out swinging
|
Batting: RHB John Shultz
|
0-0: Ball 1-0: Ground out 6-3 (Groundball, 6)
|
Batting: RHB John Mayasich
|
0-0: Called Strike 0-1: Called Strike 0-2: Ball 1-2: Ball 2-2: Fly out, F8 (Flyball, 8LD)
|
Top of the 4th over - 0 runs, 1 hit, 0 errors, 1 left on base; Long Island 5 - Bethesda 0 |
BOTTOM OF THE 4TH |
Bethesda Atoms batting - Pitching for Long Island Seawolves : RHP Lloyd Natoff
|
Batting: LHB Vinski Prifti
|
0-0: Ball 1-0: Foul Ball, location: 2F 1-1: Ball 2-1: Foul Ball, location: 2F 2-2: Ball 3-2: Fly out, F8 (Line Drive, 8RM)
|
Batting: LHB Gong Mao
|
0-0: Foul Ball, location: 2F 0-1: Ball 1-1: Ball 2-1: Single, Error in OF, E9, batter to second base
|
Batting: LHB Sandor Addicks
|
0-0: Swinging Strike 0-1: Ball 1-1: Ball 2-1: Fly out, F7 (Line Drive, 7)
|
Batting: RHB Bartolo Rosas
|
0-0: Called Strike 0-1: Ball 1-1: Foul Ball, location: 2F 1-2: Foul Ball, location: 2F 1-2: Ball 2-2: Foul Ball, location: 2F 2-2: Foul Ball, location: 2F 2-2: Ball 3-2: Foul Ball, location: 2F 3-2: Base on Balls
|
Batting: SHB Pedro Ortega
|
0-0: Foul Ball, location: 2F 0-1: Fly out, F9 (Flyball, 9LSF)
|
Bottom of the 4th over - 0 runs, 1 hit, 1 error, 2 left on base; Long Island 5 - Bethesda 0 |
TOP OF THE 5TH |
Long Island Seawolves batting - Pitching for Bethesda Atoms : LHP Manuel Ceja
|
Batting: SHB Alexei Ponikarov
|
0-0: Ball 1-0: Ball 2-0: Ball 3-0: SINGLE (Line Drive, 6D)
|
Batting: RHB Louis Teague
|
0-0: Ball 1-0: Called Strike 1-1: Ball 2-1: Fly out, F9 (Flyball, 9)
|
Batting: RHB Shigeaki Samurakami
|
0-0: Ball 1-0: Ball 2-0: Foul Ball, location: 2F 2-1: Called Strike 2-2: Foul Ball, location: 2F 2-2: Ball 3-2: Grounds into double play, 6-4-3 (Groundball, 56D)
|
Top of the 5th over - 0 runs, 1 hit, 0 errors, 0 left on base; Long Island 5 - Bethesda 0 |
BOTTOM OF THE 5TH |
Bethesda Atoms batting - Pitching for Long Island Seawolves : RHP Lloyd Natoff
|
Batting: RHB José Leyva
|
0-0: Ball 1-0: Ball 2-0: Called Strike 2-1: Ball 3-1: SINGLE (Flyball, 7LM)
|
Batting: RHB Diego Romero
|
0-0: Fly out, F8 (Flyball, 8LD)
|
Batting: RHB Enrique Ibarra
|
0-0: Called Strike 0-1: Swinging Strike 0-2: Ball 1-2: SINGLE (Groundball, 6MD) José Leyva to second
|
Batting: RHB Renato Zuvic
|
0-0: Foul Ball, location: 2F 0-1: Ball 1-1: Foul Ball, location: 2F 1-2: Fly out, F3 (Popup, 3L)
|
Batting: LHB Vinski Prifti
|
0-0: Called Strike 0-1: Ball 1-1: Ground out 4-3 (Groundball, 4S)
|
Bottom of the 5th over - 0 runs, 2 hits, 0 errors, 2 left on base; Long Island 5 - Bethesda 0 |
TOP OF THE 6TH |
Long Island Seawolves batting - Pitching for Bethesda Atoms : LHP Manuel Ceja
|
Pitching: RHP Bill Wallace
|
|
Batting: RHB Wes O'Mulhill
|
0-0: Ball 1-0: Fly out, F8 (Flyball, 8RD)
|
Batting: LHB Brad Mosley
|
0-0: Ball 1-0: Fly out, F6 (Line Drive, 6)
|
Batting: SHB Cheong-hun Kang
|
0-0: Ball 1-0: Called Strike 1-1: Called Strike 1-2: Ball 2-2: Ball 3-2: SINGLE (Groundball, 4M) (infield hit)
|
Batting: RHB Taua Naituyaga
|
0-0: Ball 1-0: DOUBLE (Line Drive, 89D) Cheong-hun Kang to third Runner from 3rd tries for Home, SAFE, throw made at trailing runner, OUT at third!
|
Top of the 6th over - 1 run, 2 hits, 0 errors, 0 left on base; Long Island 6 - Bethesda 0 |
BOTTOM OF THE 6TH |
Bethesda Atoms batting - Pitching for Long Island Seawolves : RHP Lloyd Natoff
|
Batting: LHB Gong Mao
|
0-0: Ball 1-0: Ball 2-0: SINGLE (Groundball, 34D)
|
Batting: LHB Sandor Addicks
|
0-0: Foul Ball, location: 2F 0-1: Foul Ball, location: 2F 0-2: Ball 1-2: Ball 2-2: Foul Ball, location: 2F 2-2: Fly out, F7 (Flyball, 78D)
|
Batting: RHB Bartolo Rosas
|
0-0: Foul Ball, location: 2F 0-1: Ball 1-1: Fly out, F3 (Popup, 3S)
|
Batting: SHB Pedro Ortega
|
0-0: Ball 1-0: Called Strike 1-1: Ball 2-1: Ball 3-1: Foul Ball, location: 2F 3-2: SINGLE (Line Drive, 6D) Gong Mao to second Gong Mao to third
|
Batting: RHB José Leyva
|
0-0: Foul Ball, location: 2F 0-1: SINGLE (Groundball, 6MD) Gong Mao scores Pedro Ortega to second Runner from 2nd tries for 3rd, SAFE, throw made to third
|
Batting: RHB Diego Romero
|
0-0: Ball 1-0: Ball 2-0: Foul Ball, location: 2F 2-1: Swinging Strike 2-2: Foul Ball, location: 2F 2-2: Strikes out swinging
|
Bottom of the 6th over - 1 run, 3 hits, 0 errors, 2 left on base; Long Island 6 - Bethesda 1 |
TOP OF THE 7TH |
Long Island Seawolves batting - Pitching for Bethesda Atoms : RHP Bill Wallace
|
Batting: RHB John Shultz
|
0-0: Ball 1-0: Ball 2-0: Ball 3-0: Base on Balls
|
Batting: RHB John Mayasich
|
0-0: Called Strike 0-1: Swinging Strike 0-2: Foul Ball, location: 2F 0-2: Ball 1-2: SINGLE (Groundball, 4MD) John Shultz to second
|
Batting: SHB Alexei Ponikarov
|
0-0: Called Strike 0-1: SINGLE (Line Drive, 4M) John Shultz to third John Mayasich to second Runner from 3rd tries for Home, SAFE, no throw
|
Batting: RHB Louis Teague
|
0-0: Foul Ball, location: 2F 0-1: Ball 1-1: Ball 2-1: Ball 3-1: Called Strike 3-2: Strikes out swinging
|
Batting: RHB Shigeaki Samurakami
|
0-0: Ball 1-0: Ball 2-0: Ball 3-0: Called Strike 3-1: Ground out 5-3 (Groundball, 56S) John Mayasich to third Alexei Ponikarov to second
|
Batting: RHB Wes O'Mulhill
|
0-0: Ball 1-0: Foul Ball, location: 2F 1-1: Called Strike 1-2: Foul Ball, location: 2F 1-2: Ball 2-2: Ball 3-2: Foul Ball, location: 2F 3-2: Ground out 6-3 (Groundball, 6S)
|
Top of the 7th over - 1 run, 2 hits, 0 errors, 2 left on base; Long Island 7 - Bethesda 1 |
BOTTOM OF THE 7TH |
Bethesda Atoms batting - Pitching for Long Island Seawolves : RHP Lloyd Natoff
|
Batting: RHB Enrique Ibarra
|
0-0: Ball 1-0: Ball 2-0: Foul Ball, location: 2F 2-1: Ball 3-1: Base on Balls
|
Pitching: LHP Weon Hong
|
|
Batting: RHB Renato Zuvic
|
0-0: Hit by Pitch Enrique Ibarra to second
|
Batting: LHB Vinski Prifti
|
0-0: Ball 1-0: Foul Ball, location: 2F 1-1: Called Strike 1-2: Ground out 5-3 (Groundball, 56S) Enrique Ibarra to third Renato Zuvic to second
|
Batting: LHB Gong Mao
|
0-0: Ball 1-0: Foul Ball, location: 2F 1-1: Called Strike 1-2: Ball 2-2: Ball 3-2: Foul Ball, location: 2F 3-2: Base on Balls
|
Batting: LHB Sandor Addicks
|
0-0: Foul Ball, location: 2F 0-1: Called Strike 0-2: Fly out, F8 (Flyball, 8LM) Throwing error, E8 Enrique Ibarra scores Renato Zuvic to third Gong Mao to second
|
Batting: RHB Bartolo Rosas
|
0-0: Called Strike 0-1: Called Strike 0-2: Ball 1-2: Strikes out swinging
|
Bottom of the 7th over - 1 run, 0 hits, 1 error, 2 left on base; Long Island 7 - Bethesda 2 |
TOP OF THE 8TH |
Long Island Seawolves batting - Pitching for Bethesda Atoms : RHP Bill Wallace
|
Batting: LHB Brad Mosley
|
0-0: Called Strike 0-1: Ball 1-1: Called Strike 1-2: Strikes out looking
|
Batting: SHB Cheong-hun Kang
|
0-0: Called Strike 0-1: Foul Ball, location: 2F 0-2: Ball 1-2: Ball 2-2: Ball 3-2: Fly out, F9 (Line Drive, 9LD)
|
Batting: RHB Taua Naituyaga
|
0-0: Foul Ball, location: 2F 0-1: Ground out 6-3 (Groundball, 6)
|
Top of the 8th over - 0 runs, 0 hits, 0 errors, 0 left on base; Long Island 7 - Bethesda 2 |
BOTTOM OF THE 8TH |
Bethesda Atoms batting - Pitching for Long Island Seawolves : LHP Weon Hong
|
Batting: SHB Pedro Ortega
|
0-0: Ball 1-0: Foul Ball, location: 2F 1-1: Swinging Strike 1-2: Ball 2-2: Foul Ball, location: 2F 2-2: SOLO HOME RUN (Flyball, 7D), Distance : 384 ft
|
Batting: RHB José Leyva
|
0-0: Foul Ball, location: 2F 0-1: Ball 1-1: Swinging Strike 1-2: Strikes out looking
|
Batting: RHB Diego Romero
|
0-0: Ball 1-0: Foul Ball, location: 2F 1-1: Fly out, F7 (Flyball, 78M)
|
Batting: RHB Enrique Ibarra
|
0-0: Ball 1-0: Ball 2-0: Fly out, F9 (Flyball, 9LD)
|
Bottom of the 8th over - 1 run, 1 hit, 0 errors, 0 left on base; Long Island 7 - Bethesda 3 |
TOP OF THE 9TH |
Long Island Seawolves batting - Pitching for Bethesda Atoms : RHP Bill Wallace
|
Batting: RHB John Shultz
|
0-0: Ball 1-0: Called Strike 1-1: Ground out 4-3 (Groundball, 4)
|
Batting: RHB John Mayasich
|
0-0: Foul Ball, location: 2F 0-1: Ball 1-1: Foul Ball, location: 2F 1-2: Foul Ball, location: 2F 1-2: Foul Ball, location: 2F 1-2: Strikes out swinging
|
Batting: SHB Alexei Ponikarov
|
0-0: Ball 1-0: Fly out, F3 (Line Drive, 3S)
|
Top of the 9th over - 0 runs, 0 hits, 0 errors, 0 left on base; Long Island 7 - Bethesda 3 |
BOTTOM OF THE 9TH |
Bethesda Atoms batting - Pitching for Long Island Seawolves : LHP Weon Hong
|
Batting: RHB Renato Zuvic
|
0-0: Ball 1-0: Foul Ball, location: 2F 1-1: SINGLE (Groundball, 6MD)
|
Batting: LHB Vinski Prifti
|
0-0: Ball 1-0: Called Strike 1-1: Swinging Strike 1-2: Ball 2-2: Ball 3-2: Foul Ball, location: 2F 3-2: Base on Balls Renato Zuvic to second
|
Pitching: RHP Ben Lieske
|
|
Batting: LHB Gong Mao
|
0-0: Called Strike 0-1: SINGLE (Line Drive, 89S) Renato Zuvic to third Vinski Prifti to second
|
Batting: LHB Sandor Addicks
|
0-0: Called Strike 0-1: Foul Ball, location: 2F 0-2: Foul Ball, location: 2F 0-2: Grounds into double play, 4-6-3 (Groundball, 34) Renato Zuvic scores Vinski Prifti to third
|
Batting: RHB Bartolo Rosas
|
0-0: Called Strike 0-1: Ground out 5-3 (Groundball, 5L)
|
Bottom of the 9th over - 1 run, 2 hits, 0 errors, 1 left on base; Long Island 7 - Bethesda 4 |
|